 Dungeon Crawl Stone Soup version 0.21.1-1-g345015f (webtiles) character file.

56 inc the Ducker (level 3, 17/17 HPs)
             Began as a Felid Chaos Knight on Feb 23, 2018.
             Quit the game on level 3 of the Dungeon.
             The game lasted 00:04:44 (3149 turns).

inc the Ducker (Felid Chaos Knight)                 Turns: 3149, Time: 00:04:45

Health: 17/17      AC:  1    Str:  3    XL:     3   Next: 69%
Magic:  3/3        EV: 21    Int: 16    God:    Xom [...*..]
Gold:   140        SH:  0    Dex: 17    Spells: 2/2 levels left
                                        Lives:  0   Deaths: 1

rFire    . . .     SeeInvis +     - Unarmed
rCold    . . .     Gourm    .   (shield unavailable)
rNeg     . . .     Faith    .   (armour unavailable)
rPois    .         Spirit   .   (helmet unavailable)
rElec    .         Reflect  .   (cloak unavailable)
rCorr    .         Harm     .   (gloves unavailable)
MR       .....     Rnd*Tele +   (boots unavailable)
Stlth    ++........             (no amulet)
HPRegen  0.05/turn              c - ring of teleportation (curse)
MPRegen  0.08/turn              d - ring "Dezaty" {Str-5 Int+2 Dex+2 Slay+1}

@: quick
A: very small, no armour, no weapons or thrown items, stealth, claws 1, fangs 3,
see invisible, carnivore, speed 1, low mp 1, shaggy fur 1, slow metabolism 1,
sharp paws
a: Renounce Religion


You were on level 3 of the Dungeon.
You worshipped Xom.
You were a favourite toy of Xom.
You were not hungry.

You visited 1 branch of the dungeon, and saw 4 of its levels.

You collected 140 gold pieces.

Inventory:

Jewellery
 c - a cursed ring of teleportation (left paw)
 d - the ring "Dezaty" (right paw) {Str-5 Int+2 Dex+2 Slay+1}
   (Xom gifted it to you on level 2 of the Dungeon)

   [ring of slaying]

   It affects your strength (-5).
   It affects your intelligence (+2).
   It affects your dexterity (+2).
   It affects your accuracy and damage with ranged weapons and melee attacks
   (+1).
Scrolls
 b - a scroll of teleportation {unknown}
 e - a scroll of enchant armour {unknown}
 f - 5 scrolls of identify {unknown}
 g - a scroll of remove curse {unknown}
Comestibles
 a - 2 rations


   Skills:
 - Level 3.0 Fighting
 - Level 5.4 Dodging
 + Level 4.3 Unarmed Combat


You had 2 spell levels left.
You didn't know any spells.

Dungeon Overview and Level Annotations

Branches:
Dungeon (4/15)
 Temple: D:4-7

Altars:

Annotations:
D:3 Sigmund


Innate Abilities, Weirdness & Mutations

You cannot wear armour.
You are incapable of wielding weapons or throwing items.
Your paws allow you to move quietly. (Stealth)
You have sharp claws.
You have razor-sharp teeth.
You have supernaturally acute eyesight. (SInv)
You are carnivorous and can eat meat at any time.
You cover ground quickly.
You are covered in fur. (AC +1)
You have a slow metabolism.
Your sharp claws are effective at attacking unaware monsters.
Your magical capacity is low. (-10% MP)


Message History

There is a stone staircase leading down here.
You scratch the bullfrog.
The bullfrog is lightly wounded.
The bullfrog misses you.
You scratch the bullfrog.
The bullfrog is moderately wounded.
The bullfrog closely misses you.
You scratch the bullfrog.
The bullfrog is severely wounded.
The bullfrog misses you. The bullfrog closely misses you.
You miss the bullfrog.
The bullfrog is severely wounded.
The bullfrog hits you!
You die...
Xom chortles!
You are now level 3!
You rejoin the land of the living...
Found 16 bolts.
Unknown command.
Are you sure you want to abandon this character and quit the game? (Confirm with "yes".)

.. .# #.# ..#
..## ...
########.#.###
#.....(@.....#
#....###.#.#.#
#.. .# # .# .#
.# .# .#


There were no monsters in sight!

Vanquished Creatures
  A hound (D:4)
  3 adders
  An adder zombie (D:2)
  2 worms (D:2)
  2 dart slugs
  A leopard gecko (D:3)
  4 orcs (D:3)
  3 giant cockroaches
  2 goblins
  4 hobgoblins
  5 kobolds
  A quokka (D:2)
  A ball python (D:1)
  7 bats
  A frilled lizard (D:1)
  A quokka skeleton (D:4)
  6 rats
45 creatures vanquished.

Notes
Turn   | Place    | Note
-------+----------+-------------------------------------------
     0 | D:1      | inc the Felid Chaos Knight began the quest for the Orb.
     0 | D:1      | Reached XP level 1. HP: 10/10 MP: 2/2
   111 | D:1      | XOM: harmless Air miscast
   178 | D:1      | Reached skill level 4 in Dodging
   209 | D:1      | Reached XP level 2. HP: 2/14 MP: 3/3
   410 | D:1      | XOM: give mutations
   410 | D:1      | Gained mutation: You are weak. (Str -2) [Xom's mischief]
   410 | D:1      | Gained mutation: Your magical capacity is low. (-10% MP) [Xom's mischief]
   410 | D:1      | Lost mutation: You are weak. (Str -2) [Xom's mischief]
   444 | D:1      | XOM: harmless Chrm miscast
   978 | D:2      | Reached skill level 5 in Dodging
   983 | D:2      | Reached XP level 3. HP: 9/17 MP: 3/3
  1488 | D:2      | XOM: medium Fire miscast
  1668 | D:2      | XOM: cloud trail
  2111 | D:2      | XOM: god gift: slimy bronze ring {god gift}
  2180 | D:2      | XOM: harmless Air miscast
  2183 | D:2      | Got a slimy bronze ring {god gift}
  2184 | D:2      | Identified the ring "Dezaty" {Str-5 Int+2 Dex+2 Slay+1} (Xom gifted it to you on level 2 of the Dungeon)
  2286 | D:2      | XOM: scenery: 3 doors open, 1 doors close
  2579 | D:3      | XOM: enchant monster (good)
  2582 | D:3      | Reached XP level 4. HP: 16/21 MP: 4/4
  2592 | D:3      | XOM: god gift: long glowing staff {god gift}
  2660 | D:3      | XOM: butterfly on damage
  2855 | D:3      | XOM: medium Ice miscast
  3063 | D:3      | Noticed Sigmund
  3095 | D:4      | XOM: enchant monster (good)
  3137 | D:4      | Noticed a two-headed ogre
  3137 | D:4      | Noticed a bullfrog
  3148 | D:3      | Slain by a bullfrog
  3149 | D:3      | Reached XP level 3. HP: -3/17 MP: 3/3
  3149 | D:3      | Quit the game

Skill      XL: |  1  2  3  4 |
---------------+-------------+-----
Dodging        | 4 5 |  5.4
Unarmed Combat | 4 |  4.3
Fighting       | |  3.0

Action                   |  1- 3 |  4- 6 || total
-------------------------+-------+-------++-------
Melee: Unarmed           |   145 |    42 ||   187
       Bite              |    15 |     2 ||    17
       Punch             |     1 |       ||     1
  Use: Potion            |     1 |       ||     1
       Scroll            |     1 |       ||     1
 Stab: Sleeping          |     6 |       ||     6
       Distracted        |     1 |       ||     1
  Eat: Chunk             |     2 |     1 ||     3
       Ration            |     1 |       ||     1
Armor: Skin              |     5 |       ||     5
Dodge: Dodged            |   103 |    34 ||   137
